 Dungeon Crawl Stone Soup version 0.30-a0-739-gea05faddec (webtiles) character file.

Game seed: 9822529616591861243

137 KleinerIrrer the Trooper (level 5, -6/55 HPs)
             Began as an Ogre Warper on Feb 4, 2023.
             Mangled by Crazy Yiuf
             ... wielding a +2 quarterstaff of chaos
              (11 damage)
             ... on level 2 of the Dungeon.
             The game lasted 00:04:39 (2582 turns).

KleinerIrrer the Trooper (Ogre Warper)              Turns: 2582, Time: 00:04:40

Health: -6/55      AC:  4    Str: 17    XL:     5   Next: 20%
Magic:  8/8        EV:  9    Int: 14    God:
Gold:   105        SH:  0    Dex:  8    Spells: 8/8 levels left

rFire   . . .      SeeInvis .    a - +0 mace
rCold   . . .      Faith    .    (no shield)
rNeg    . . .      Spirit   .    b - +0 robe
rPois   .          Reflect  .    (helmet restricted)
rElec   .          Harm     .    h - +0 cloak
rCorr   .          Rampage  .    (gloves unavailable)
Will    .....                    (boots unavailable)
Stlth   +                        (no amulet)
HPRegen 0.29/turn                (no ring)
MPRegen 0.11/turn                (no ring)

@: lethally poisoned (-6 -> -17)
A: large, unfitting armour, tough skin 1
a: no special abilities


You were on level 2 of the Dungeon.
You visited 1 branch of the dungeon, and saw 3 of its levels.

You collected 105 gold pieces.

Inventory:

Hand Weapons
 a - a +0 mace (weapon)
Missiles
 i - 4 large rocks (quivered)
 m - 3 boomerangs
Armour
 b - a +0 robe (worn)
 h - a +0 cloak (worn)
Wands
 d - a wand of polymorph (11)
 g - a wand of iceblast (7)
Scrolls
 e - a scroll of enchant weapon {unknown}
 f - a scroll of enchant armour {unknown}
 j - a scroll of amnesia {unknown}


   Skills:
 + Level 4.6 Fighting
 * Level 3.9 Maces & Flails
 - Level 1.0 Throwing
 - Level 2.1 Dodging
 - Level 2.4 Spellcasting
 - Level 2.6 Translocations


You had 8 spell levels left.
You didn't know any spells.
Your spell library contained the following spells:

 Spells                   Type           Power      Damage    Failure   Level
 Blink                    Tloc           18%        N/A       12%         2
 Lesser Beckoning         Tloc           18%        N/A       12%         2
 Teleport Other           Tloc           9%         N/A       22%         3
 Vhi's Electric Charge    Tloc/Air       10%        N/A       36%         3
 Ozocubu's Armour         Ice            1%         N/A       56%         3
 Manifold Assault         Tloc           9%         N/A       58%         4
 Metabolic Englaciation   Hex/Ice        0%         N/A       99%         5
 Simulacrum               Ice/Necr       0%         N/A       100%        6


Dungeon Overview and Level Annotations

Branches:
Dungeon (3/15)

Altars:

Annotations:
D:2 Crazy Yiuf


Innate Abilities, Weirdness & Mutations

You are too large for most types of armour.
You have tough skin. (AC +1)


Message History

You are more poisoned.
You hit Crazy Yiuf.
Crazy Yiuf is moderately wounded.
You feel extremely sick.
Crazy Yiuf hits you with a +2 quarterstaff of chaos!
* * * LOW HITPOINT WARNING * * *
It was a potion of curing.
You feel better. Crazy Yiuf hits you but does no damage.
You hit Crazy Yiuf.
Crazy Yiuf is heavily wounded.
Crazy Yiuf hits you with a +2 quarterstaff of chaos!
* * * LOW HITPOINT WARNING * * *
You feel your power leaking away.
It was a potion of flight.
You feel very buoyant.
You fly up into the air.
Crazy Yiuf hits you but does no damage.
Blink to where?
Press: ? - help, Dir - move target
As you read the scroll of blinking, it crumbles to dust.
Crazy Yiuf says, "Island!
Prologue mobile dark."
Crazy Yiuf grits, "Walk sing-song snockshim!"
Crazy Yiuf says, "Cards down testudinal!"
You are starting to lose your buoyancy.
You float gracefully downwards.
Crazy Yiuf laughs, "Liver sing ladder!"
Throw: 5 large rocks
Press: ? - help, Q - select action, (/) - cycle Shift-Dir - straight line, f - Crazy Yiuf
Aim: Crazy Yiuf, wielding a +2 quarterstaff of chaos and wearing a +0 cloak (heavily wounded, 60% to hit)
You throw a large rock. The large rock hits Crazy Yiuf.
Crazy Yiuf is heavily wounded.
Crazy Yiuf yells, "Line leg arga!"
Crazy Yiuf attacks as you move away!
Crazy Yiuf hits you with a +2 quarterstaff of chaos!
* * * LOW HITPOINT WARNING * * *
You are lethally poisoned!
* * * LOW HITPOINT WARNING * * *
You feel very sick. Crazy Yiuf attacks as you move away!
Crazy Yiuf hits you with a +2 quarterstaff of chaos!
You die...

#.# #.#. ##### #.# #.#. #...# #.#
##.#. ###.# #.# #.... #.#
##########.# #.... #.#
#..........# #....
###.######.....##############....
#...........#...######....<....>.
###.........(..g@......######....
##.######.#...######## #.... #.#
#.##.## ##### #g# #.##.#########
#.# #.##.........# ####### #.#
#.##########.# #...... ####.# #.#
#.# #.##### .g...# #.# #.# #.#
####.# #.# #.####.#


You could see Crazy Yiuf.

Vanquished Creatures
  Jessica (D:2)
  4 gnolls
  2 adders (D:2)
  An orc (D:3)
  3 endoplasms
  A giant cockroach (D:1)
  A goblin (D:1)
  9 hobgoblins
  3 jackals (D:2)
  7 kobolds
  A quokka (D:2)
  5 ball pythons
  7 bats
  2 frilled lizards (D:1)
  6 rats
53 creatures vanquished.

Notes
Turn   | Place    | Note
-------+----------+-------------------------------------------
     0 | D:1      | KleinerIrrer the Ogre Warper began the quest for the Orb.
     0 | D:1      | Reached XP level 1. HP: 22/22 MP: 3/3
    43 | D:1      | Reached skill level 3 in Fighting
    72 | D:1      | You fall into a shaft and drop 1 floor!
   124 | D:2      | Reached XP level 2. HP: 16/31 MP: 5/5
   527 | D:1      | Reached XP level 3. HP: 37/37 MP: 6/6
   807 | D:1      | Found a faded altar of an unknown god.
  1517 | D:1      | Reached skill level 4 in Fighting
  1618 | D:2      | Reached XP level 4. HP: 36/48 MP: 7/7
  1921 | D:2      | Noticed Jessica
  1926 | D:2      | Killed Jessica
  2096 | D:2      | Found a runed translucent door.
  2097 | D:2      | Noticed Crazy Yiuf
  2149 | D:2      | Reached XP level 5. HP: 55/55 MP: 8/8
  2582 | D:2      | Mangled by Crazy Yiuf

Illustrated notes

Levels and vault maps discovered:
D:1:      dpeg_arrival_renting, layout_basic,
          shapermc_ecumenical_altar_totnotflames
D:2:      layout_loops_ring, uniq_crazy_yiuf_cottage, uniq_jessica
D:3:      layout_loops_ring

Skill      XL: |  1  2  3 |
---------------+----------+-----
Fighting       | 3 4 |  4.6
Maces & Flails | 2 3 |  3.9
Throwing       | |  1.0
Dodging        | |  2.1
Spellcasting   | |  2.4
Translocations | |  2.6

Action                     |  1- 3 |  4- 6 || total
---------------------------+-------+-------++-------
  Melee: Mace              |   146 |    35 ||   181
         Punch             |       |     2 ||     2
  Throw: Boomerang         |       |     7 ||     7
         Large rock        |       |     8 ||     8
    Use: Potion            |     4 |     2 ||     6
         Scroll            |       |     1 ||     1
 Armour: Robe              |    47 |    19 ||    66
         Skin              |     6 |       ||     6
  Dodge: Dodged            |    94 |    19 ||   113

Table legend: (Time is in decaauts)
 A = Elapsed time spent in this place.
 B = Non-inter-level travel time spent in this place.
 C = Inter-level travel time spent in this place.
 D = Time resting spent in this place.
 E = Time spent auto-exploring this place.
 F = Levels seen in this place.
 G = Mean time per level.
                   A        B        C        D        E       F      G
               +--------+--------+--------+--------+--------+-----+--------+
         Total |   2648 |   2612 |     36 |    204 |   1827 |   3 |  882.7 |
       Dungeon |   2648 |   2612 |     36 |    204 |   1827 |   3 |  882.7 |
               +--------+--------+--------+--------+--------+-----+--------+

Top non-repeatable levels by time:
     D:2: 1412 daAuts
     D:1: 1175 daAuts
     D:3: 60 daAuts
